 Dungeon Crawl Stone Soup version 0.22-a0-815-gb582571 (webtiles) character file.

227 JeffiDaFish the Conjurer (level 5, 0/40 HPs)
             Began as a Draconian Conjurer on July 24, 2018.
             Shot with an arrow by a centaur (7 damage)
             ... on level 4 of the Dungeon.
             The game lasted 00:10:38 (4049 turns).

JeffiDaFish the Conjurer (Draconian Conjurer)       Turns: 4049, Time: 00:10:38

Health: 0/40       AC:  5    Str: 10      XL:     5   Next: 70%
Magic:  8/9        EV: 12    Int: 15 (17) God:
Gold:   171        SH:  0    Dex:  9 (11) Spells: 4/10 levels left

rFire    . . .     SeeInvis .   c - +2 dagger (speed)
rCold    . . .     Gourm    .   (no shield)
rNeg     . . .     Faith    .   (armour unavailable)
rPois    +         Spirit   .   (helmet restricted)
rElec    .         Reflect  .   (no cloak)
rCorr    .         Harm     .   (no gloves)
MR       .....                  (no boots)
Stlth    ++........             (no amulet)
HPRegen  0.13/turn              k - ring of poison resistance
MPRegen  0.11/turn              (no ring)

@: no status effects
A: unfitting armour, cold-blooded, AC +5
a: no special abilities


You were on level 4 of the Dungeon.
You were very hungry.

You visited 1 branch of the dungeon, and saw 4 of its levels.

You collected 171 gold pieces.

Inventory:

Hand Weapons
 c - a +2 dagger of speed (weapon)
Jewellery
 k - a ring of poison resistance (left hand)
Wands
 f - a wand of flame (27)
Scrolls
 e - a scroll of identify
 i - a scroll of amnesia
Comestibles
 b - 3 rations


   Skills:
 - Level 1.4 Fighting
 - Level 0.2 Short Blades
 + Level 2.5 Dodging
 - Level 1.8 Stealth
 * Level 3.2 Spellcasting
 * Level 5.3 Conjurations
 + Level 1.2 Hexes


You had 4 spell levels left.
You knew the following spells:

 Your Spells              Type           Power        Failure   Level  Hunger
a - Magic Dart            Conj           ###.         2%          1    #......
b - Searing Ray           Conj           ###...       3%          2    ##.....
c - Dazzling Spray        Conj/Hex       ##....       16%         3    ###....

Your spell library contained the following spells:

 Spells                   Type           Power        Failure   Level  Hunger
 Iskenderun's Mystic Bla  Conj           ###.....     22%         4    #####..
 Fulminant Prism          Conj/Hex       ##........   45%         4    #####..
 Force Lance              Conj/Tloc      ##......     54%         4    #####..


Dungeon Overview and Level Annotations

Branches:
Dungeon (4/15)
 Temple: D:4-7

Altars:

Shops:
D:4 [


Innate Abilities, Weirdness & Mutations

Your plain brown scales are hard. (AC +5)
You cannot fit into any form of body armour.
You are cold-blooded and may be slowed by cold attacks.


Message History

A centaur is nearby!
The centaur shouts!
The centaur shoots an arrow.
The arrow hits you.
The centaur shoots an arrow.
The arrow hits you!
* * * LOW HITPOINT WARNING * * *
You see here 2 arrows.
The centaur shoots an arrow.
The arrow misses you.
Casting: Magic Dart (safe; 2% risk of failure)
Confirm with . or Enter, or press ? or * to list all spells.
You can't see any susceptible monsters within range! (Use Z to cast anyway.) Unknown command.
Casting: Magic Dart (safe; 2% risk of failure)
Confirm with . or Enter, or press ? or * to list all spells.
Aiming: Magic Dart (safe; 2% risk of failure)
Press: ? - help, Shift-Dir - straight line, f - centaur
Aim: a centaur, wielding a shortbow The magic dart hits the centaur.
The centaur is moderately wounded.
The centaur shoots an arrow.
The arrow hits you!
You die...

######### ... ##
## .. #. .##.#.
##.######...... #
..#...........
#.###............
..(..............
#..........c..
#....(@.......
#..((.....>(..
#.............
#.............
##............
##.....##....
####### ####


You could see a centaur.

Vanquished Creatures
  An ogre (D:4)
  A hound (D:4)
  A worker ant (D:4)
  2 adders
  An ooze (D:1)
  4 worms
  A dart slug (D:1)
  2 leopard geckos
  3 orcs
  2 giant cockroaches
  4 goblins
  4 hobgoblins
  2 jackals (D:3)
  6 bats
  4 frilled lizards
  15 kobolds
  4 rats
57 creatures vanquished.

Notes
Turn   | Place    | Note
-------+----------+-------------------------------------------
     0 | D:1      | JeffiDaFish the Draconian Conjurer began the quest for the Orb.
     0 | D:1      | Reached XP level 1. HP: 14/14 MP: 3/3
   425 | D:1      | Reached XP level 2. HP: 20/20 MP: 1/5
  1114 | D:1      | Reached XP level 3. HP: 26/26 MP: 6/6
  1257 | D:2      | Learned a level 2 spell: Searing Ray
  1261 | D:2      | Learned a level 3 spell: Dazzling Spray
  2624 | D:3      | Reached XP level 4. HP: 33/34 MP: 0/7
  3483 | D:3      | Reached skill level 1 in Fighting
  3666 | D:4      | Noticed an ogre
  3718 | D:4      | Killed an ogre
  3718 | D:4      | Reached skill level 5 in Conjurations
  3718 | D:4      | Reached skill level 1 in Hexes
  3718 | D:4      | Reached XP level 5. HP: 16/40 MP: 1/9
  3934 | D:4      | Found Juett's Armour Boutique.
  3937 | D:4      | Noticed a centaur
  4049 | D:4      | Shot with an arrow by a centaur

Vault maps used:
D:1:      scummos_arrival_forest, minivault_24, corexii_corridor_pit
D:2:      st_stairs_8, amethyst_killhole
D:4:      kennysheep_mini_moat, minmay_temple_entry_mist, serial_shops,
          nicolae_shop_stone, first_ration, kennysheep_generic_room_8

Skill      XL: |  1  2  3  4 |
---------------+-------------+-----
Dodging        | 2 |  2.5
Fighting       | 1 |  1.4
Spellcasting   | 3 |  3.2
Conjurations   | 5 |  5.3
Hexes          | 1 |  1.2
Short Blades   | |  0.2
Stealth        | |  1.8

Action                   |  1- 3 |  4- 6 || total
-------------------------+-------+-------++-------
Melee: Short sword       |     7 |       ||     7
       Dagger            |   138 |    47 ||   185
       Tailslap          |    14 |     3 ||    17
 Cast: Magic Dart        |    48 |    10 ||    58
       Searing Ray       |     6 |     8 ||    14
       Dazzling Spray    |     1 |     2 ||     3
  Use: Scroll            |     6 |     5 ||    11
       Potion            |     2 |     7 ||     9
 Stab: Invisible         |       |     1 ||     1
  Eat: Chunk             |     6 |     1 ||     7
       Ration            |       |     1 ||     1
Armor: Skin              |    62 |     6 ||    68
Dodge: Dodged            |    84 |    36 ||   120

Table legend:
 A = Spawn XP
 B = Non-spawn XP
 C = Spawn XP percentage of total XP
 D = Spawn monster count
 E = Non-spawn monster count
 F = Spawn count percentage of total count
 G = Total turns spent on level
                    A         B        C        D         E        F      G
               +---------+---------+-------+---------+---------+-------+---------
         Total |       0 |     325 |   0.0 |       0 |      57 |   0.0 |  4049
               +---------+---------+-------+---------+---------+-------+---------
           D:1 |       0 |      41 |   0.0 |       0 |      21 |   0.0 |  1261
           D:2 |       0 |      41 |   0.0 |       0 |      16 |   0.0 |  1109
           D:3 |       0 |      35 |   0.0 |       0 |      15 |   0.0 |  1192
           D:4 |       0 |     208 |   0.0 |       0 |       5 |   0.0 |   487
               +---------+---------+-------+---------+---------+-------+---------
